 Dungeon Crawl Stone Soup version 0.20.1-1-g8b1a95d (webtiles) character file.

536 Linguinho the Chopper (level 7, 0/54 HPs)
             Began as a Demonspawn Fighter on Nov 10, 2017.
             Was a Believer of Nemelex Xobeh.
             Killed by divine providence
             ... invoked by an orc priest
              (12 damage)
             ... on level 5 of the Dungeon.
             The game lasted 00:11:57 (3758 turns).

Linguinho the Chopper (Demonspawn Fighter)          Turns: 3758, Time: 00:11:58

Health: 0/54       AC:  7    Str: 18    XL:     7   Next: 4%
Magic:  7/7        EV: 12    Int:  9    God:    Nemelex Xobeh [**....]
Gold:   234        SH:  9    Dex: 13    Spells: 6/6 levels left

rFire    + . .     SeeInvis +   a - +0 war axe
rCold    . . .     Gourm    .   c - +0 shield
rNeg     . . .     Faith    .   b - +0 scale mail
rPois    .         Spirit   .   (helmet restricted)
rElec    .         Reflect  .   (no cloak)
rCorr    +         Harm     .   (no gloves)
MR       .....                  (no boots)
Stlth    ..........             (no amulet)
Regen    0.2/turn               r - ring of resist corrosion
MPRegen  0.1/turn               v - ring of see invisible

@: repel missiles
A: horns 1, repulsion field 3, fire resistance 1, spiny 1
a: Renounce Religion


You were on level 5 of the Dungeon.
You worshipped Nemelex Xobeh.
Nemelex Xobeh was pleased with you.
You were not hungry.

You visited 1 branch of the dungeon, and saw 5 of its levels.

You collected 234 gold pieces.

Inventory:

Hand Weapons
 a - a +0 war axe (weapon)
Armour
 b - a +0 scale mail (worn)
 c - a +0 shield (worn)
Jewellery
 r - a ring of resist corrosion (left hand)
 v - a ring of see invisible (right hand)
 z - an uncursed ring of poison resistance {unknown}
Scrolls
 e - 3 scrolls of remove curse
 i - 2 scrolls of magic mapping
 j - 2 scrolls of amnesia {unknown}
 k - a scroll of blinking {unknown}
 l - a scroll of recharging {unknown}
 m - 2 scrolls of teleportation {unknown}
 p - a scroll of immolation {unknown}
 s - a scroll of fog {unknown}
 t - 2 scrolls of identify
 w - a scroll of enchant weapon {unknown}
Potions
 d - a potion of might
 n - a potion of lignification {unknown}
 u - a potion of brilliance {unknown}
 x - a potion of ambrosia {unknown}
Miscellaneous
 y - an ornate deck of destruction
Comestibles
 f - 4 bread rations
 g - 3 fruits
 h - a meat ration
 o - 4 royal jellies


   Skills:
 + Level 4.0 Fighting
 + Level 4.4 Axes
 + Level 3.8 Armour
 + Level 1.5 Dodging
 + Level 4.1 Shields
 * Level 1.1 Invocations


You had 6 spell levels left.
You didn't know any spells.

Dungeon Overview and Level Annotations

Branches:
Dungeon (5/15)             Temple (0/1) D:5

Altars:
Ashenzari
Nemelex Xobeh
Okawaru
Trog
Zin


Innate Abilities, Weirdness & Mutations

You have a pair of small horns on your head.
You are surrounded by a strong repulsion field. (EV +4, RMsl)
Your flesh is heat resistant. (rF+)
You are partially covered in sharp spines.


Message History

Your shield and scale mail prevent you from hitting the orc.
The orc hits you but does no damage.
The orc priest invokes the aid of Beogh against you.
Beogh smites you! You block the orc priest's attack.
The orc is struck by your spines. The orc misses you.
You block the orc priest's attack.
The orc priest looks encouraged for a moment.
The orc throws a tomahawk.
You block the tomahawk.
The orc priest looks encouraged for a moment.
You see here a tomahawk.
The orc priest calls upon Beogh to heal the orc priest.
The orc priest is healed somewhat.
The orc priest calls down the wrath of Beogh upon you.
Beogh smites you!
* * * LOW HITPOINT WARNING * * *
The orc priest looks encouraged for a moment.
The orc priest invokes the aid of Beogh against you.
Beogh smites you!
You die...
Your body glows slightly and disappears.

### #####.# #.
#############.....#
#.##
................@.##
#..#
.....###########...##
..# ##### ######
##...# #.###.....
##..###.#.......
#########
#..o#..........
####.......#
##.o.oo).......
##.........##
##............
##..........#
#...(........
#...........#
#............


You could see 2 orc priests and an orc.

Vanquished Creatures
  A killer bee (D:5)
  3 orc wizards
  A gnoll shaman (D:4)
  A centaur skeleton (D:4)
  2 worker ants
  6 adders
  6 gnolls (D:4)
  An ooze (D:1)
  A worm (D:3)
  4 dart slugs
  2 leopard geckos
  9 orcs
  2 ball pythons
  3 giant cockroaches
  12 goblins
  9 hobgoblins
  3 jackals (D:3)
  5 kobolds
  2 quokkas
  8 bats
  2 frilled lizards (D:3)
  4 rats
  2 bushes (D:1)
  A plant (D:1)
90 creatures vanquished.

Vanquished Creatures (collateral kills)
  A scorpion (D:4)
  A hound (D:4)
  A worker ant (D:4)
  2 gnolls (D:4)
  A leopard gecko (D:4)
6 creatures vanquished.

Vanquished Creatures (others)
  A hound zombie (D:5)
1 creature vanquished.

Grand Total: 97 creatures vanquished

Notes
Turn   | Place    | Note
-------+----------+-------------------------------------------
     0 | D:1      | Linguinho the Demonspawn Fighter began the quest for the Orb.
     0 | D:1      | Reached XP level 1. HP: 18/18 MP: 1/1
   114 | D:1      | Gained mutation: You have a pair of small horns on your head. [demonic ancestry]
   114 | D:1      | Reached XP level 2. HP: 24/24 MP: 2/2
  1206 | D:2      | Found an iron altar of Okawaru.
  1248 | D:2      | Gained mutation: You are surrounded by a mild repulsion field. (EV +2) [demonic ancestry]
  1248 | D:2      | Reached XP level 3. HP: 21/29 MP: 3/3
  1346 | D:2      | Found a sparkling altar of Nemelex Xobeh.
  1562 | D:2      | Gained mutation: You are surrounded by a moderate repulsion field. (EV +3) [demonic ancestry]
  1562 | D:2      | Reached XP level 4. HP: 34/35 MP: 4/4
  1970 | D:2      | Became a worshipper of Nemelex Xobeh the Trickster
  2069 | D:3      | Received a gift from Nemelex Xobeh
  2098 | D:3      | Gained mutation: You are partially covered in sharp spines. [demonic ancestry]
  2098 | D:3      | Reached XP level 5. HP: 29/42 MP: 5/5
  2552 | D:4      | Reached skill level 1 in Dodging
  2559 | D:4      | Gained mutation: You are surrounded by a strong repulsion field. (EV +4, RMsl) [demonic ancestry]
  2559 | D:4      | Reached XP level 6. HP: 29/48 MP: 6/6
  2764 | D:4      | Found a glowing silver altar of Zin.
  2812 | D:4      | Found a shattered altar of Ashenzari.
  2827 | D:4      | Reached * piety under Nemelex Xobeh
  3035 | D:4      | Received a gift from Nemelex Xobeh
  3399 | D:4      | Found a bloodstained altar of Trog.
  3500 | D:5      | Entered Level 5 of the Dungeon
  3500 | D:5      | Reached ** piety under Nemelex Xobeh
  3637 | D:5      | Found a staircase to the Ecumenical Temple.
  3681 | D:5      | Reached skill level 1 in Invocations
  3709 | D:5      | Gained mutation: Your flesh is heat resistant. (rF+) [demonic ancestry]
  3709 | D:5      | Reached XP level 7. HP: 53/54 MP: 7/7
  3758 | D:5      | Killed from afar by an orc priest

Skill      XL: |  1  2  3  4  5  6 |
---------------+-------------------+-----
Axes           | 2 3 4 |  4.4
Armour         | 3 |  3.8
Shields        | 3 4 |  4.1
Dodging        | 1 |  1.5
Fighting       | 4 |  4.0
Invocations    | 1 |  1.1

Action                   |  1- 3 |  4- 6 |  7- 9 || total
-------------------------+-------+-------+-------++-------
Melee: War axe           |   161 |   136 |     3 ||   300
       Headbutt          |    41 |    16 |     1 ||    58
Evoke: Deck              |       |     6 |       ||     6
  Use: Scroll            |     5 |     1 |       ||     6
  Eat: Chunk             |     2 |     5 |       ||     7
       Meat ration       |       |     1 |       ||     1
Armor: Scale mail        |    39 |    47 |     1 ||    87
Dodge: Dodged            |    32 |    64 |     2 ||    98
       Deflected         |       |     2 |       ||     2
Block: Shield            |    46 |    92 |     4 ||   142
